AoeStats
← tigremaster

Nomad

508269574Analyzed
2v2 RM · 10d ago on Sep 21, 2026· 48m 57s· 4 players
Game mode
Random Map
Map size
176×176
Population
200
Speed
Normal
Resources
Standard
Victory
Conquest
Starting age
Dark Age
Ending age
Imperial Age
RankedLock teamsTeams togetherTeam positionsShared explorationLock speedFull tech treeHidden civsTurbo modeCheats
Victory
Defeat
🇷🇺 Berbers · Russia
1255
+14
🇦🇷 Mongols · Argentina
1247
+14
🇦🇷 Tatars · Argentina
1277
-16
🇦🇷 Cumans · Argentina
1149
-12
+m<ssi
5:09 Loom
12:58 Feudal Age
20:38 Castle Age
21:57 Fletching
22:08 Padded Archer Armor
25:46 Padded Archer Armor
36:12 Fishing Lines
40:07 Wheelbarrow
42:23 Bodkin Arrow
44:26 Bloodlines
44:16 Husbandry
47:50 Imperial Age
46:22 Ballistics
46:18 Leather Archer Armor
47:32 Hand Cart
48:25 Light Cavalry
Pandareeen
3:48 Loom
14:50 Feudal Age
15:17 Double-Bit Axe
15:13 Horse Collar
16:42 Stone Mining
19:48 Scale Barding Armor
25:46 Castle Age
25:06 Forging
25:15 Padded Archer Armor
30:00 Wheelbarrow
30:52 Bloodlines
33:05 Hand Cart
34:36 Fletching
35:26 Gold Mining
35:49 Bow Saw
40:07 Imperial Age
45:04 Chain Barding Armor
49:50 Conscription
tigremaster
5:22 Loom
15:55 Feudal Age
16:32 Double-Bit Axe
21:03 Fletching
23:37 Castle Age
23:10 Padded Archer Armor
23:04 Gold Mining
24:01 Crossbowman
30:36 Town Watch
35:31 Capped Ram
36:55 Bodkin Arrow
44:33 Imperial Age
42:39 Leather Archer Armor
44:20 Thumb Ring
45:49 Wheelbarrow
45:10 Elite Skirmisher
Mauro
3:45 Loom
14:01 Feudal Age
14:50 Double-Bit Axe
19:40 Fletching
20:01 Forging
22:05 Fishing Lines
38:14 Castle Age
37:15 Scale Mail Armor
37:44 Horse Collar
38:24 Pikeman
39:41 Iron Casting
39:41 Squires
40:30 Bodkin Arrow
46:58 Silk Armor
Connection lost

Rejoining the realm…

Still unreachable

The connection could not be restored.

Session expired

The server has moved on; the page needs a fresh start.